 Dungeon Crawl Stone Soup version 0.27.1-34-g3ba077fa99 (webtiles) character file.

Game seed: 5125550185212321080

50 Romesagentofchaos the Sneak (level 3, -1/24 HPs)
             Began as an Octopode Brigand on Jan 25, 2022.
             Slain by Terence (4 damage)
             ... on level 2 of the Dungeon.
             The game lasted 00:03:45 (1228 turns).

Romesagentofchaos the Sneak (Octopode Brigand)      Turns: 1228, Time: 00:03:46

Health: -1/24      AC:  1    Str: 10    XL:     3   Next: 79%
Magic:  3/3        EV: 12    Int: 13    God:
Gold:   39         SH:  0    Dex: 14    Spells: 2/2 levels left

rFire    . . .     SeeInvis .   a - +2 dagger
rCold    . . .     Faith    .   (no shield)
rNeg     . . .     Spirit   .   (helmet restricted)
rPois    .         Reflect  .   (no amulet)
rElec    .         Harm     .   (no ring)
rCorr    .         Rampage  .   (no ring)
Will     .....                  (no ring)
Stlth    +++.......             (no ring)
HPRegen  0.08/turn              (no ring)
MPRegen  0.08/turn              (no ring)
                                (no ring)
                                (no ring)

@: silenced
A: almost no armour, amphibious, 8 rings, camouflage 1, gelatinous body 1,
(nimble swimmer 1), tentacles
a: no special abilities


You were on level 2 of the Dungeon.
You visited 1 branch of the dungeon, and saw 2 of its levels.

You collected 39 gold pieces.

Inventory:

Hand Weapons
 a - a +2 dagger (weapon)
Missiles
 b - 21 poisoned darts (quivered)
 c - 2 curare-tipped darts
Potions
 e - a potion of might


   Skills:
 + Level 2.0 Fighting
 + Level 2.1 Short Blades
 + Level 2.5 Throwing
 + Level 1.0 Dodging
 + Level 6.8 Stealth


You had 2 spell levels left.
You didn't know any spells.
Your spell library was empty.

Dungeon Overview and Level Annotations

Branches:
Dungeon (2/15)

Altars:

Shops:
D:1 [

Annotations:
D:2 Terence


Innate Abilities, Weirdness & Mutations

You cannot wear most types of armour.
You are amphibious.
You can wear up to eight rings at the same time.
Your skin changes colour to match your surroundings (Stealth+).
Your rubbery body absorbs attacks. (AC +1, EV +1)
((You are camouflaged near water. (Stealth+)))
You have tentacles for arms and can constrict up to eight enemies at once.


Message History

The adder is severely wounded.
You constrict the adder. The adder barely misses you.
You hit the adder.
You kill the adder!
Found a scroll labelled ZOFA CAFROET.
d - a scroll labelled TUYNEO HANAPS An adder comes into view.
As you read the scroll labelled TUYNEO HANAPS, it crumbles to dust.
It is a scroll of identify.
e - a potion of might The adder hisses angrily.
You completely miss the adder. Your grab misses the adder.
The adder closely misses you.
You barely miss the adder. You grab the adder. You squeeze the adder.
The adder is moderately wounded.
You constrict the adder. The adder barely misses you.
You barely miss the adder.
The adder is heavily wounded.
You constrict the adder. The adder barely misses you.
You hit the adder.
The adder is almost dead.
You constrict the adder.
You kill the adder!
Found 4 gold pieces.
d - a scroll labelled ZOFA CAFROET
As you read the scroll labelled ZOFA CAFROET, it crumbles to dust.
A profound silence engulfs you.
It was a scroll of silence.
Terence the Incautious comes into view.
He is wielding a +1 hand axe of flaming.
Terence hits you with a +1 hand axe of flaming.
Terence burns you.
You hit Terence but do no damage. You grab Terence.
You constrict Terence, but do no damage.
Terence hits you with a +1 hand axe of flaming.
Terence burns you.
You hit Terence but do no damage.
You constrict Terence, but do no damage.
Terence hits you with a +1 hand axe of flaming!
* * * LOW HITPOINT WARNING * * *
Terence burns you.
You die...

############
...........
#........#
...###...#
#........#
..........#
#.....@..#
..........#
#...$.@..#
..........#
####.....#
.......... #.....+
#........ #.....#
#........ #.....#
#....†...
#.....######........
#...................
#................###
#................#


You could see Terence.

Vanquished Creatures
  2 adders (D:2)
  2 dart slugs (D:1)
  4 bats
  2 endoplasms (D:1)
  3 goblins (D:1)
  3 hobgoblins (D:1)
  A quokka (D:1)
  4 frilled lizards (D:1)
  2 kobolds (D:1)
  6 rats
29 creatures vanquished.

Notes
Turn   | Place    | Note
-------+----------+-------------------------------------------
     0 | D:1      | Romesagentofchaos the Octopode Brigand began the quest for
                  | the Orb.
     0 | D:1      | Reached XP level 1. HP: 14/14 MP: 1/1
   154 | D:1      | Reached XP level 2. HP: 16/19 MP: 2/2
   343 | D:1      | Reached skill level 6 in Stealth
   566 | D:1      | Found Xacaecir's Armour Shoppe.
   583 | D:1      | Reached XP level 3. HP: 17/24 MP: 3/3
  1223 | D:2      | Noticed Terence
  1228 | D:2      | Slain by Terence

Illustrated notes

Levels and vault maps discovered:
D:1:      wheals_arrival_shading, layout_basic, serial_shops,
          nicolae_diamond_shop
D:2:      layout_basic, uniq_crazy_yiuf_cottage, uniq_terence

Skill      XL: |  1  2 |
---------------+-------+-----
Stealth        | 6 |  6.8
Fighting       | |  2.0
Short Blades   | |  2.1
Throwing       | |  2.5
Dodging        | |  1.0

Action                   || total
-------------------------++-------
Melee: Dagger            ||    53
       Constrict         ||     9
       Tentacles         ||     2
  Use: Potion            ||     1
       Scroll            ||     3
 Stab: Sleeping          ||    16
Dodge: Dodged            ||    19
